AoeStats
← CNZS_98T

Arena

504478135Analyzed
4v4 RM · 28d ago on Sep 5, 2026· 43m 8s· 8 players
Game mode
Random Map
Map size
Large (8 player)
Population
200
Speed
Normal
Resources
Standard
Victory
Conquest
Starting age
Dark Age
Ending age
Imperial Age
RankedLock teamsTeams togetherTeam positionsShared explorationLock speedFull tech treeHidden civsTurbo modeCheats
Victory
Defeat
🇨🇳 Koreans · China
2149
+2
🇨🇳 Cumans · China
1992
+5
🇨🇳 Goths · China
1921
+6
🇳🇱 Bengalis · Netherlands
1906
+7
🇦🇷 Spanish · Argentina
1765
-7
🇹🇼 Romans · Taiwan
1693
-5
🇹🇷 Britons · Türkiye
1634
-4
🇹🇼 Khmer · Taiwan
1630
-4
CNZS_Bad Koala
10:23 Feudal Age
10:57 Double-Bit Axe
11:25 Horse Collar
14:08 Castle Age
15:11 Bow Saw
15:01 Heavy Plow
25:02 Wheelbarrow
24:21 Loom
24:23 Town Watch
29:23 Imperial Age
27:20 Gold Mining
27:27 Pikeman
28:07 Squires
28:32 Anarchy
30:13 Hand Cart
30:31 Perfusion
29:53 Elite Huskarl
30:57 Scale Mail Armor
32:18 Forging
32:26 Chain Mail Armor
34:01 Iron Casting
34:47 Perfusion
36:46 Blast Furnace
36:17 Coinage
35:56 Capped Ram
38:30 Two-Man Saw
38:02 Crop Rotation
37:25 Stone Mining
38:30 Banking
38:11 Guilds
38:52 Fletching
40:06 Bodkin Arrow
41:12 Chemistry
42:25 Caravan
CNZS_98T
10:06 Feudal Age
13:43 Castle Age
12:31 Double-Bit Axe
13:02 Gold Mining
13:03 Loom
16:52 Sanctity
17:49 Redemption
23:06 Fervor
_LY_lyx
8:02 Feudal Age
9:12 Double-Bit Axe
10:14 Horse Collar
17:56 Castle Age
17:07 Wheelbarrow
17:11 Scale Barding Armor
16:53 Loom
17:56 Forging
17:57 Bloodlines
32:11 Bow Saw
34:20 Wheelbarrow
34:59 Heavy Plow
38:10 Hand Cart
38:07 Gold Mining
38:07 Stone Mining
42:53 Imperial Age
42:01 Gold Shaft Mining
CNZS_迷你车仁
9:59 Feudal Age
13:42 Castle Age
11:56 Double-Bit Axe
12:16 Horse Collar
15:34 Bow Saw
16:17 Wheelbarrow
27:18 Imperial Age
24:53 Heavy Plow
25:03 Gold Mining
25:05 Stone Mining
25:16 Loom
25:26 Fletching
26:11 Ballistics
25:25 Crossbowman
26:22 Bodkin Arrow
26:34 Thumb Ring
27:10 Hand Cart
27:48 Stone Shaft Mining
28:02 Gold Shaft Mining
28:31 Bracer
29:32 Chemistry
28:56 Arbalester
30:06 Eupseong
31:23 Conscription
31:24 Arrowslits
31:49 Masonry
31:34 Town Watch
32:30 Treadmill Crane
32:44 Heated Shot
33:39 Siege Engineers
34:05 Architecture
33:46 Murder Holes
34:51 Coinage
34:32 Guilds
36:20 Banking
38:05 Two-Man Saw
JavelinMen
8:54 Feudal Age
9:20 Double-Bit Axe
9:16 Horse Collar
15:34 Castle Age
15:23 Stone Mining
16:35 Loom
18:40 Bow Saw
24:43 Wheelbarrow
25:59 Hand Cart
29:39 Imperial Age
27:25 Fletching
28:05 Scale Mail Armor
28:15 Forging
28:06 Padded Archer Armor
28:04 Bodkin Arrow
28:36 Ballistics
28:34 Padded Archer Armor
28:40 Gold Mining
28:25 Man-at-Arms
28:50 Gambesons
29:30 Chain Mail Armor
30:34 Yeomen
30:53 Conscription
31:35 Bracer
31:51 Leather Archer Armor
32:37 Chemistry
31:57 Elite Skirmisher
32:58 Chain Mail Armor
33:18 Iron Casting
35:28 Ring Archer Armor
35:24 Masonry
36:17 Gold Shaft Mining
35:34 Crossbowman
YanShiba
11:25 Feudal Age
14:26 Castle Age
12:14 Double-Bit Axe
12:11 Horse Collar
16:10 Light Cavalry
17:54 Scale Barding Armor
22:11 Forging
24:51 Bloodlines
29:37 Chain Barding Armor
31:53 Wheelbarrow
31:04 Loom
31:33 Bow Saw
32:29 Gold Mining
35:02 Gold Shaft Mining
34:28 Heavy Plow
35:53 Hand Cart
35:24 Town Watch
35:49 Husbandry
39:15 Imperial Age
36:52 Scale Mail Armor
36:39 Man-at-Arms
2KM1
8:27 Feudal Age
7:46 Loom
12:08 Castle Age
11:32 Double-Bit Axe
30:46 Wheelbarrow
32:08 Bow Saw
31:41 Horse Collar
32:45 Heavy Plow
gjizhijian6866
10:59 Feudal Age
9:52 Loom
14:25 Castle Age
12:18 Double-Bit Axe
13:04 Horse Collar
22:51 Padded Archer Armor
25:28 Bloodlines
25:55 Leather Archer Armor
27:35 Ballistics
27:58 Wheelbarrow
28:01 Gold Mining
28:57 Bow Saw
29:08 Husbandry
34:06 Imperial Age
31:50 Heavy Plow
32:00 Fletching
32:03 Stone Mining
32:45 Hand Cart
32:56 Bodkin Arrow
33:50 Stone Shaft Mining
35:48 Chemistry
35:19 Ring Archer Armor
34:52 Squires
35:17 Conscription
35:18 Thumb Ring
36:53 Two-Man Saw
37:58 Elite Skirmisher
38:58 Bracer
40:51 Capped Ram
41:59 Masonry
42:07 Light Cavalry
42:58 Forging
43:28 Scale Barding Armor
Connection lost

Rejoining the realm…

Still unreachable

The connection could not be restored.

Session expired

The server has moved on; the page needs a fresh start.